 Dungeon Crawl Stone Soup version 0.27-a0-1525-g1038ab4fd7 (webtiles) character file.

Game seed: 14444084285469023132

411 Armakuni the Grave Robber (level 7, -2/51 HPs)
             Began as a Human Necromancer on July 10, 2021.
             Slain by an ogre (35 damage)
             ... on level 4 of the Dungeon.
             The game lasted 00:09:08 (4601 turns).

Armakuni the Grave Robber (Human Necromancer)       Turns: 4601, Time: 00:09:08

Health: -2/51      AC:  3    Str: 10    XL:     7   Next: 14%
Magic:  10/13      EV: 12    Int: 16    God:
Gold:   125        SH:  0    Dex: 13    Spells: 7/14 levels left

rFire    . . .     SeeInvis .   a - +0 short sword (elec)
rCold    + . .     Faith    .   (no shield)
rNeg     . . .     Spirit   .   e - +0 robe
rPois    .         Reflect  .   (no helmet)
rElec    .         Harm     .   (no cloak)
rCorr    .         Rampage  .   (no gloves)
Will     .....                  j - +0 pair of boots
Stlth    ++........             (no amulet)
HPRegen  0.17/turn              J - ring of protection from cold
MPRegen  0.13/turn              (no ring)

@: no status effects
A: no striking features
a: no special abilities


You were on level 4 of the Dungeon.
You visited 1 branch of the dungeon, and saw 4 of its levels.

You collected 125 gold pieces.

Inventory:

Hand Weapons
 a - a +0 short sword of electrocution (weapon)
 b - a +2 whip of freezing
Missiles
 f - 14 poisoned darts
 i - 5 boomerangs
Armour
 e - a +0 robe (worn)
 g - a +0 ring mail
 j - a +0 pair of boots (worn)
Jewellery
 J - a ring of protection from cold (left hand)
Wands
 h - a wand of digging (4)
Scrolls
 d - 2 scrolls of magic mapping
 k - 2 scrolls of amnesia
 l - a scroll of immolation {unknown}
Potions
 c - a potion of invisibility
 m - a potion of attraction {unknown}
 n - a potion of mutation {unknown}
 o - 2 potions of haste {unknown}


   Skills:
 - Level 2.7 Fighting
 - Level 2.0 Dodging
 - Level 2.0 Stealth
 + Level 4.3 Spellcasting
 + Level 5.9 Necromancy


You had 7 spell levels left.
You knew the following spells:

 Your Spells              Type           Power      Damage    Failure   Level
a - Animate Dead          Necr           11%        N/A       14%         4
z - Vampiric Draining     Necr           11%        2d7       4%          3

Your spell library contained the following spells:

 Spells                   Type           Power      Damage    Failure   Level
 Animate Skeleton         Necr           44%        N/A       1%          1
 Pain                     Necr           88%        1d8       1%          1
 Agony                    Necr           22%        N/A       36%         5
 Dazzling Flash           Conj/Hex       6%         N/A       45%         3
 Silence                  Hex/Air        1%         N/A       99%         5


Dungeon Overview and Level Annotations

Branches:
Dungeon (4/15)
 Temple: D:4-7

Altars:


Message History

The orc is heavily wounded.
The orc barely misses you.
You barely miss the orc.
The orc is heavily wounded.
The orc hits you with a +0 hand axe. x2
You hit the orc. Lightning courses through the orc!
You kill the orc!
Things that are here:
a +0 hand axe; a +0 scale mail A jelly comes into view.
The jelly quivers.
Found 11 gold pieces.
You hit the jelly.
Your hands burn!
The jelly is moderately wounded.
The jelly barely misses you.
You hit the jelly. Lightning courses through the jelly!
You kill the jelly!
You now have 125 gold pieces (gained 11).
Found 17 arrows.
Found a stone staircase leading down.
o - 2 metallic sapphire potions You open the door.
An ogre comes into view. It is wielding a +0 giant spiked club.
The ogre shouts!
There is an open door here.
You hit the ogre. Lightning courses through the ogre!
The ogre is severely wounded.
The ogre barely misses you.
You completely miss the ogre.
The ogre is severely wounded.
The ogre hits you with a +0 giant spiked club!!
Casting: Vampiric Draining (dangerous; 4% risk of failure)
Confirm with . or Enter, or press ? or * to list all spells.
Aiming: Vampiric Draining (dangerous; 4% risk of failure)
Press: ? - help, Shift-Dir - straight line, f - ogre
Aim: an ogre, wielding a +0 giant spiked club (severely wounded)
You draw life force from the ogre.
You feel life coursing into your body.
The ogre hits you with a +0 giant spiked club!!
Ouch! That really hurt!
You die...

#>.. #... #...
####### #...
....... ##..
....... ###
....... #
......O########
#
.......@......#
#
...?...######.#
# ....... #.# #
....... #.# #
....... #.# #
#'##.## #.# # #
#. #.# # #. #.#
###### #.#
#.....


You could see an ogre.

Vanquished Creatures
  Grinder (D:3)
  A centaur zombie (D:4)
  A jelly (D:4)
  An orc priest (D:3)
  Ijyb (D:3)
  3 adders (D:2)
  3 orcs
  6 ball pythons
  3 bats
  4 endoplasms
  3 giant cockroaches
  3 goblins
  4 hobgoblins
  6 jackals (D:2)
  7 kobolds
  6 quokkas
  3 frilled lizards
  4 rats
60 creatures vanquished.

Vanquished Creatures (others)
  A demonic plant (D:3)
  A fungus (D:3)
  A withered plant (D:3)
3 creatures vanquished.

Grand Total: 63 creatures vanquished

Notes
Turn   | Place    | Note
-------+----------+-------------------------------------------
     0 | D:1      | Armakuni the Human Necromancer began the quest for the Orb.
     0 | D:1      | Reached XP level 1. HP: 13/13 MP: 3/3
   174 | D:1      | Reached skill level 1 in Fighting
   460 | D:1      | Reached XP level 2. HP: 18/21 MP: 1/5
  1073 | D:1      | Reached XP level 3. HP: 22/28 MP: 4/6
  1077 | D:1      | Learned a level 3 spell: Vampiric Draining
  2471 | D:2      | Reached XP level 4. HP: 29/34 MP: 7/7
  3230 | D:3      | Found a faded altar of an unknown god.
  3485 | D:3      | Noticed Grinder
  3507 | D:3      | Paralysed by Grinder for 7 turns
  3527 | D:3      | Killed Grinder
  3528 | D:3      | Reached skill level 5 in Necromancy
  3528 | D:3      | Reached XP level 5. HP: 39/39 MP: 7/10
  3528 | D:3      | Reached XP level 6. HP: 46/46 MP: 7/11
  3820 | D:3      | Noticed Ijyb
  3828 | D:3      | Killed Ijyb
  4077 | D:3      | Learned a level 4 spell: Animate Dead
  4269 | D:4      | Reached XP level 7. HP: 41/51 MP: 13/13
  4601 | D:4      | Slain by an ogre

Illustrated notes

Levels and vault maps discovered:
D:1:      sevenhm_arrival_forest_fort_large_4, layout_rooms,
          roderic_serpentine_path, minmay_misc_feat_alley, minmay_cut_off
D:2:      layout_basic
D:3:      layout_basic, shapermc_ecumenical_altar_gd, uniq_grinder, uniq_ijyb
D:4:      layout_basic, serial_shops, kennysheep_mini

Skill      XL: |  1  2  3  4  5  6 |
---------------+-------------------+-----
Fighting       | 1 2 |  2.7
Spellcasting   | 3 4 |  4.3
Necromancy     | 5 |  5.9
Dodging        | |  2.0
Stealth        | |  2.0

Action                   |  1- 3 |  4- 6 |  7- 9 || total
-------------------------+-------+-------+-------++-------
Melee: Unarmed           |    10 |       |       ||    10
       Dagger            |    55 |    39 |       ||    94
       Short sword       |       |    56 |     9 ||    65
 Cast: Pain              |    70 |     3 |       ||    73
       Vampiric Draining |     4 |    12 |     1 ||    17
  Use: Scroll            |       |     6 |       ||     6
       Potion            |       |     1 |       ||     1
 Stab: Sleeping          |       |     4 |       ||     4
Armor: Robe              |    23 |    27 |     1 ||    51
       Skin              |       |     5 |       ||     5
Dodge: Dodged            |    59 |    75 |     3 ||   137

Table legend: (Time is in decaauts)
 A = Elapsed time spent in this place.
 B = Non-inter-level travel time spent in this place.
 C = Inter-level travel time spent in this place.
 D = Time resting spent in this place.
 E = Time spent auto-exploring this place.
 F = Levels seen in this place.
 G = Mean time per level.
                   A        B        C        D        E       F      G
               +--------+--------+--------+--------+--------+-----+--------+
         Total |   4607 |   4527 |     80 |    941 |   2686 |   4 | 1151.8 |
       Dungeon |   4607 |   4527 |     80 |    941 |   2686 |   4 | 1151.8 |
               +--------+--------+--------+--------+--------+-----+--------+

Top non-repeatable levels by time:
     D:2: 1644 daAuts
     D:1: 1373 daAuts
     D:3: 1159 daAuts
     D:4: 430 daAuts
